 Dungeon Crawl Stone Soup version 0.21.0-3-g78d12a8bdd (webtiles) character file.

53 Principatus the Sneak (level 3, -5/24 HPs)
             Began as a Vampire Enchanter on Jan 13, 2018.
             Slain by an iguana (12 damage)
             ... on level 2 of the Dungeon.
             The game lasted 00:09:05 (2570 turns).

Principatus the Sneak (Vampire Enchanter)           Turns: 2570, Time: 00:09:05

Health: -5/24      AC:  8    Str:  8    XL:     3   Next: 62%
Magic:  4/6        EV: 10    Int: 17    God:
Gold:   116        SH:  0    Dex: 14    Spells: 0/6 levels left

rFire    . . .     SeeInvis +   b - +0 hunting sling
rCold    . . .     Gourm    .   (no shield)
rNeg     + . .     Faith    .   p - +0 ring mail
rPois    .         Spirit   .   (no helmet)
rElec    .         Reflect  .   k - +1 cloak
rCorr    .         Harm     .   n - +0 pair of gloves (curse)
MR       .....                  (no boots)
Stlth    ++........             (no amulet)
HPRegen  0.08/turn              (no ring)
MPRegen  0.10/turn              (no ring)

@: no status effects
A: fangs 3, see invisible, unbreathing
a: Bat Form


You were on level 2 of the Dungeon.
You were not thirsty.

You visited 1 branch of the dungeon, and saw 2 of its levels.

You collected 116 gold pieces.

Inventory:

Hand Weapons
 a - a +1 dagger
 b - a +0 hunting sling (weapon)
Missiles
 f - 80 stones (quivered)
 j - 2 needles of sleeping
 m - 2 throwing nets
Armour
 k - a +1 cloak (worn)
 n - a cursed +0 pair of gloves (worn)
 p - a +0 ring mail (worn)
 r - a +0 robe
Jewellery
 h - a cursed ring of stealth {unknown}
 q - an uncursed amulet of faith {unknown}
Scrolls
 e - 3 scrolls of teleportation {unknown}
 l - a scroll of immolation {unknown}
 o - a scroll of enchant weapon {unknown}
 s - a scroll of magic mapping {unknown}
Potions
 d - 9 potions of blood
 g - 2 potions of brilliance {unknown}
 i - a potion of curing {unknown}
Books
 c - a book of Maledictions

   Spells                             Type                      Level
   a - Corona                         Hexes                        1
   b - Ensorcelled Hibernation        Hexes/Ice                    2
   c - Confuse                        Hexes                        3
   d - Tukima's Dance                 Hexes                        3
   e - Dazzling Spray                 Conjuration/Hexes            3


   Skills:
 * Level 2.2 Short Blades
 - Level 2.6 Dodging
 + Level 5.1 Stealth
 - Level 2.3 Spellcasting
 + Level 5.0 Hexes


You couldn't memorise any spells.
You knew the following spells:

 Your Spells              Type           Power        Failure   Level  Hunger
a - Corona                Hex            ###....      8%          1    #......
b - Ensorcelled Hibernat  Hex/Ice        ##....       30%         2    ###....
c - Tukima's Dance        Hex            ###.....     22%         3    ###....


Dungeon Overview and Level Annotations

Branches:
Dungeon (2/15)

Altars:
Dithmenos


Innate Abilities, Weirdness & Mutations

You have razor-sharp teeth.
You have supernaturally acute eyesight. (SInv)
You can survive without breathing.


Message History

Firing (i - inventory. (,) - cycle):
f - 82 stones (quivered)
Press: ? - help, Shift-Dir - straight line, f/p - iguana
Aim: an iguana (moderately wounded)
You shoot a stone.
The stone hits the iguana but does no damage.
The iguana is moderately wounded.
Firing (i - inventory. (,) - cycle):
f - 81 stones (quivered)
Press: ? - help, Shift-Dir - straight line, f/p - iguana
Aim: an iguana (moderately wounded)
You shoot a stone.
The stone hits the iguana but does no damage.
The iguana is moderately wounded.
Casting: Ensorcelled Hibernation
Confirm with . or Enter, or press ? or * to list all spells.
Aiming: Ensorcelled Hibernation
Press: ? - help, Shift-Dir - straight line, f/p - iguana
Aim: an iguana (moderately wounded, chance to defeat MR: 50%)
The iguana resists with some effort.
The iguana bites you!
Ouch! That really hurt!
You die...

######## ###### #.......
#....# #[...... #....#
#.......
#####....###.......
####..................
#....@l.......#.......
##....................
#......(.....#.......
#.%.....(..........#.
#........(.#.........
#......###(...#..#...
#######.##.##<.(.##.#####
#..........##..#....# #
#..................##


You could see an iguana.

Vanquished Creatures
  An adder (D:2)
  An ooze (D:1)
  2 dart slugs (D:1)
  5 goblins (D:1)
  3 hobgoblins (D:1)
  10 kobolds
  A quokka (D:2)
  6 bats
  A frilled lizard (D:1)
  5 rats
35 creatures vanquished.

Notes
Turn   | Place    | Note
-------+----------+-------------------------------------------
     0 | D:1      | Principatus the Vampire Enchanter began the quest for the Orb.
     0 | D:1      | Reached XP level 1. HP: 13/13 MP: 3/3
    77 | D:1      | Reached XP level 2. HP: 7/19 MP: 5/5
  1341 | D:1      | Reached XP level 3. HP: 21/24 MP: 3/6
  1708 | D:2      | Found a shadowy altar of Dithmenos.
  1843 | D:2      | Learned a level 2 spell: Ensorcelled Hibernation
  1847 | D:2      | Learned a level 3 spell: Tukima's Dance
  2066 | D:2      | Reached skill level 5 in Stealth
  2307 | D:2      | Reached skill level 5 in Hexes
  2570 | D:2      | Slain by an iguana

Skill      XL: |  1  2  3 |
---------------+----------+-----
Short Blades   | 2 |  2.2
Stealth        | 5 |  5.1
Hexes          | 5 |  5.0
Dodging        | |  2.6
Spellcasting   | |  2.3

Action                   || total
-------------------------++-------
Melee: Dagger            ||   159
       Bite              ||     8
 Fire: Hunting sling     ||    13
 Cast: Corona            ||     7
       Ensorcelled Hiber ||     4
 Abil: End Transformatio ||     2
       Bat Form          ||     2
  Use: Potion            ||     6
 Stab: Sleeping          ||     6
Armor: Robe              ||    42
       Ring mail         ||    67
Dodge: Dodged            ||   179
